 Dungeon Crawl Stone Soup version 0.28.0 (webtiles) character file.

Game seed: 7355219332992344563

81218 willcat the Unseen (level 15, -3/94 HPs)
             Began as an Octopode Delver on Feb 5, 2022.
             Was an Initiate of Gozag.
             Slain by an ogre mage (6 damage)
             ... while paralysed by an ogre mage
             ... on level 2 of the Orcish Mines.
             The game lasted 00:59:44 (37297 turns).

willcat the Unseen (Octopode Delver)               Turns: 37297, Time: 00:59:44

Health: -3/94      AC:  3    Str: 12    XL:     15   Next: 69%
Magic:  35/35      EV:  2    Int: 25    God:    Gozag
Gold:   5109       SH:  0    Dex: 23    Spells: 10/29 levels left

rFire   . . .      SeeInvis .   a - +6 short sword (drain)
rCold   + . .      Faith    .   D - +0 kite shield {rC+}
rNeg    + . .      Spirit   .   F - +2 hat {Int+3}
rPois   .          Reflect  .   G - amulet of magic regeneration
rElec   .          Harm     .   x - +6 ring of intelligence
rCorr   +          Rampage  .   d - +6 ring of dexterity
Will    +....                   t - ring of positive energy
Stlth   ++++++++..              O - ring of magical power
HPRegen 0.25/turn               b - +4 ring of evasion
MPRegen 0.64/turn               h - ring of resist corrosion
                                (no ring)
                                (no ring)

@: paralysed
A: almost no armour, amphibious, 8 rings, camouflage 1, gelatinous body 1,
(nimble swimmer 1), tentacles
a: Renounce Religion, Potion Petition, Call Merchant, Bribe Branch


You were on level 2 of the Orcish Mines.
You worshipped Gozag.
Gozag was greatly pleased with you.
You visited 4 branches of the dungeon, and saw 21 of its levels.
You also visited: Sewer and Ice Cave.

You collected 6645 gold pieces.
You spent 287 gold pieces at shops.
You paid 1249 gold pieces to Gozag.

Inventory:

Hand Weapons
 a - a +6 short sword of draining (weapon)
 L - a +4 scimitar of flaming
 P - the +6 long sword of Tuixothra {speed, MP+9 Int+2}
   (You found it on level 6 of the Lair of Beasts)

   Attacks with this weapon are significantly faster.
   Int:       It affects your intelligence (+2).
   MP:        It affects your magic capacity (+9).
Armour
 l - a +0 tower shield
 D - a +0 kite shield of cold resistance (worn)
 F - a +2 hat of intelligence (worn)
Jewellery
 b - a +4 ring of evasion (on tentacle)
 d - a +6 ring of dexterity (right tentacle)
 h - a ring of resist corrosion (on tentacle)
 t - a ring of positive energy (on tentacle)
 x - a +6 ring of intelligence (left tentacle)
 G - an amulet of magic regeneration (around mantle)
 O - a ring of magical power (on tentacle)
Wands
 q - a wand of polymorph (15)
 u - a wand of acid (8)
 I - a wand of flame (13)
 K - a wand of iceblast (19)
Scrolls
 c - 4 scrolls of magic mapping
 g - 4 scrolls of fog
 p - 3 scrolls of holy word
 r - 7 scrolls of teleportation
 s - 5 scrolls of vulnerability
 w - 4 scrolls of amnesia
 y - a scroll of identify
 C - 3 scrolls of immolation
Potions
 e - 3 potions of haste
 i - a potion of invisibility
 j - a potion of experience {unknown}
 k - 2 potions of might
 m - 5 potions of attraction
 n - 2 potions of brilliance
 o - 4 potions of heal wounds
 v - 2 potions of mutation {unknown}
 z - 5 potions of ambrosia
 A - a potion of resistance
 B - a potion of berserk rage
 E - 6 potions of lignification
 H - 5 potions of curing
Miscellaneous
 M - a condenser vane
 N - a tin of tremorstones (2/2)
 Q - a lightning rod (4/4)


   Skills:
 - Level 5.7 Fighting
 - Level 8.7 Short Blades
 - Level 6.5 Crossbows
 - Level 10.8 Dodging
 + Level 16.6 Stealth
 + Level 8.6 Shields
 + Level 7.8 Spellcasting
 - Level 8.0 Conjurations
 + Level 6.7 Hexes
 + Level 2.4 Summonings
 + Level 4.6 Necromancy
 + Level 2.9 Transmutations
 + Level 6.8 Ice Magic
 - Level 7.8 Earth Magic
 - Level 3.3 Evocations


You had 10 spell levels left.
You knew the following spells:

 Your Spells              Type           Power      Damage    Failure   Level
a - Stone Arrow           Conj/Erth      98%        3d13      1%          3
b - Ensorcelled Hibernat  Hex/Ice        86%        N/A       1%          2
c - Agony                 Necr           32%        N/A       52%         5
d - Petrify               Tmut/Erth      36%        N/A       16%         4
e - Summon Mana Viper     Hex/Summ       32%        N/A       52%         5

Your spell library contained the following spells:

 Spells                   Type           Power      Damage    Failure   Level
 Sandblast                Erth           98%        2d20      1%          1
 Dazzling Flash           Conj/Hex       92%        N/A       1%          3
 Animate Skeleton         Necr           64%        N/A       2%          1
 Pain                     Necr           100%       1d9       2%          1
 Passwall                 Tmut/Erth      30%        N/A       2%          2
 Sublimation of Blood     Necr           32%        N/A       3%          2
 Vampiric Draining        Necr           32%        2d8       7%          3
 Leda's Liquefaction      Hex/Erth       23%        N/A       7%          4
 Lee's Rapid Deconstruct  Erth           24%        3d14*     16%         5
 Swiftness                Air            9%         N/A       41%         3
 Irradiate                Conj/Tmut      18%        3d20      41%         5
 Freezing Cloud           Conj/Ice/Air   17%        6-21      47%         5
 Iron Shot                Conj/Erth      24%        9d5       65%         6
 Silence                  Hex/Air        13%        N/A       69%         5
 Blade Hands              Tmut           12%        N/A       77%         5
 Simulacrum               Ice/Necr       19%        N/A       91%         6
 Summon Forest            Summ/Tloc      7%         N/A       94%         5
 Statue Form              Tmut/Erth      24%        N/A       94%         6
 Summon Cactus Giant      Summ           11%        N/A       100%        6
 Haunt                    Necr/Summ      13%        N/A       100%        7
 Infestation              Necr           16%        N/A       100%        8
 Lehudib's Crystal Spear  Conj/Erth      24%        10d7      100%        8
 Polar Vortex             Ice            22%        N/A       100%        9
 Animate Armour           Summ/Erth      Unusable   N/A       N/A         4

Dungeon Overview and Level Annotations

Branches:
Dungeon (12/15)            Temple (1/1) D:4            Lair (6/6) D:9
 Shoals (0/4) Lair:4       Spider (0/4) Lair:3        Slime (0/5) Lair:5
    Orc (2/2) D:12          Sewer (visited)           IceCv (visited)
    Elf: Orc:2

Altars:
Ashenzari
Cheibriados
Dithmenos
Elyvilon
Fedhas
Gozag
Hepliaklqana
Kikubaaqudgha
Makhleb
Nemelex Xobeh
Okawaru
Qazlal
Ru
Sif Muna
Trog
Uskayaw
Vehumet
Wu Jian
Xom
Yredelemnul
Zin
The Shining One
Beogh

Shops:
Lair:4 *[

Annotations:
D:9 2 transporters, exclusion: oklob plant, krispywithak's ghost, novice MiBe
Lair:5 exclusion: 2 oklob plants


Innate Abilities, Weirdness & Mutations

You cannot wear most types of armour.
You are amphibious.
You can wear up to eight rings at the same time.
Your skin changes colour to match your surroundings (Stealth+).
Your rubbery body absorbs attacks. (AC +1, EV +1)
((You are camouflaged when in or above water. (Stealth+)))
You have tentacles for arms and can constrict up to eight enemies at once.


Message History

The ogre mage misses you.
There is a stone staircase leading up, spattered with blood here.
Unknown command.
Casting: Ensorcelled Hibernation (safe; 1% risk of failure)
Confirm with . or Enter, or press ? or * to list all spells.
Aiming: Ensorcelled Hibernation (safe; 1% risk of failure)
Press: ? - help, Shift-Dir - straight line, f - ogre mage
Aim: an ogre mage, wielding a +0 halberd and wearing a +0 robe (chance to affect: 18%)
The ogre mage resists with almost no effort.
The two-headed ogre shouts in stereo!
The ogre mage completely misses you.
Casting: Ensorcelled Hibernation (safe; 1% risk of failure)
Confirm with . or Enter, or press ? or * to list all spells.
Aiming: Ensorcelled Hibernation (safe; 1% risk of failure)
Press: ? - help, Shift-Dir - straight line, f/p - ogre mage
Aim: an ogre mage, wielding a +0 halberd and wearing a +0 robe (chance to affect: 18%)
The ogre mage resists with almost no effort.
The ogre mage closely misses you.
Unknown command.
The ogre mage barely misses you.
An ogre comes into view. It is wielding a +0 giant spiked club.
The ogre mage points at you and mumbles some strange words.
You suddenly lose the ability to move!
The ogre shouts!
The ogre mage hits you from afar with a +0 halberd!!
The ogre mage hits you from afar with a +0 halberd!
The ogre mage hits you from afar with a +0 halberd.
The two-headed ogre hits you with a +0 giant spiked club!!
The two-headed ogre hits you with a +0 giant club!
The ogre shouts!
The ogre mage hits you from afar with a +0 halberd!
* * * LOW HITPOINT WARNING * * *
The two-headed ogre hits you with a +0 giant spiked club!
* * * LOW HITPOINT WARNING * * *
The two-headed ogre barely misses you.
The ogre hits you with a +0 giant spiked club!
* * * LOW HITPOINT WARNING * * *
The ogre mage hits you from afar with a +0 halberd.
You die...
Your body crumbles into a pile of gold.

....O#................ .
.$...................# ...
...........$.........###....
.....#...........<.........#
$###......$.........#.........
#.........$..............#...
.........$$O...O.............
$.......[...$)O...)..........
............O@...[...........
......$.......$..[...........
......$$.........)........#..
#.......................#.#
#..........................
.h...................##.#.
.................###.# ##
...#.............# ..#
.####...#.#.###.## .##


You could see a two-headed ogre, an ogre mage and 2 ogres.

Vanquished Creatures
  A fire dragon (D:9)
  Snorg (D:12)
  The ghost of Kuidesed the Thaumaturge, a journeyman DrCj of Vehumet (Lair:1)
  An ice dragon (Lair:6)
  A catoblepas (Lair:1)
  2 boulder beetles
  8 hydras
  2 ogre magi
  Erolcha (D:11)
  12 two-headed ogres
  7 death yaks
  Erica (D:8)
  A skeletal warrior (D:11)
  A sixfirhy (D:10)
  4 lindwurms (Lair:6)
  3 deep elf pyromancers (D:12)
  An ugly thing (IceCv)
  2 orc knights
  A necromancer (IceCv)
  An orc sorcerer (Orc:1)
  2 cyclopes
  A manticore (Lair:4)
  Maurice (D:12)
  7 elephants
  4 black mambas
  An ice statue (IceCv)
  6 cane toads
  2 gargoyles
  5 torpor snails (Lair:6)
  5 freezing wraiths (IceCv)
  7 komodo dragons
  2 kobold demonologists (D:10)
  4 rime drakes
  2 entropy weaver simulacra (IceCv)
  An anaconda simulacrum (IceCv)
  A queen bee (Lair:4)
  12 ice devils (IceCv)
  2 trolls
  3 polar bears
  A wind drake (Lair:4)
  4 meliai
  3 tyrant leeches (Lair:6)
  8 hornets
  Grinder (D:5)
  11 slime creatures
  16 blink frogs
  3 dream sheep (Lair:6)
  A dire elephant simulacrum (IceCv)
  A shadow (D:9)
  4 wraiths
  A wyvern (D:6)
  71 yaks
  2 basilisks
  3 vampire mosquitoes (D:12)
  A steam dragon (D:4)
  2 death yak simulacra (IceCv)
  2 wargs (D:12)
  A harpy simulacrum (IceCv)
  Duvessa (D:6)
  8 water moccasins
  2 ice beasts (D:6)
  3 black bears
  11 orc warriors
  2 sky beasts
  14 ogres
  19 wolves
  2 necrophages
  3 centaurs
  4 kobold brigands
  13 bullfrogs
  A gnoll sergeant (D:8)
  3 cane toad simulacra (IceCv)
  4 two-headed ogre simulacra
  A scorpion (D:7)
  A water moccasin zombie (D:6)
  Dowan (D:6)
  37 killer bees
  4 elephant simulacra (IceCv)
  13 wights (D:7)
  A howler monkey (D:6)
  4 centaur zombies
  2 hounds
  A jelly (D:4)
  A bullfrog skeleton (D:7)
  13 orc priests
  Crazy Yiuf (D:3)
  A centaur skeleton (D:7)
  A gnoll shaman (D:6)
  Ijyb (D:5)
  5 iguanas
  9 orc wizards
  4 spriggan simulacra
  7 wolf simulacra (IceCv)
  4 polar bear simulacra (IceCv)
  A hound skeleton (D:4)
  4 howler monkey zombies
  11 gnolls
  6 adders
  2 naga simulacra (D:11)
  6 river rats (Sewer)
  2 shadow imps (D:6)
  2 white imps
  An ufetubus (D:4)
  59 orcs
  9 ball pythons
  7 bats
  4 endoplasms
  9 giant cockroaches
  5 goblins (D:2)
  4 hobgoblins
  2 jackals (D:4)
  8 quokkas
  3 frilled lizards
  37 kobolds
  18 rats
658 creatures vanquished.

Vanquished Creatures (others)
  2 slime creatures (D:12)
  28 fungi
  47 plants
77 creatures vanquished.

Grand Total: 735 creatures vanquished

Notes
Turn   | Place    | Note
-------+----------+-------------------------------------------
     0 | D:5      | willcat the Octopode Delver began the quest for the Orb.
     0 | D:5      | Reached XP level 1. HP: 16/16 MP: 1/1
    57 | D:5      | Noticed Grinder
    89 | D:4      | Noticed a steam dragon
   103 | D:6      | Noticed a howler monkey
   106 | D:6      | Killed a howler monkey
   107 | D:6      | Reached skill level 7 in Stealth
   107 | D:6      | Reached XP level 2. HP: 17/21 MP: 2/2
   107 | D:6      | Reached XP level 3. HP: 21/26 MP: 3/3
   158 | D:6      | Reached XP level 4. HP: 30/31 MP: 4/4
   294 | D:6      | Reached skill level 1 in Crossbows
   294 | D:6      | Reached XP level 5. HP: 7/36 MP: 5/5
   428 | D:6      | Found a glowing drain.
   456 | Sewer    | Entered a sewer
  1230 | Sewer    | Reached XP level 6. HP: 31/42 MP: 6/6
  1292 | Sewer    | Reached skill level 8 in Stealth
  1889 | D:6      | Noticed Duvessa
  1889 | D:6      | Noticed Dowan
  1897 | D:6      | Killed Duvessa
  1898 | D:6      | Reached XP level 7. HP: 43/46 MP: 7/7
  1935 | D:5      | Identified the +3 chain mail of Egalitarianism {Int+3}
  2047 | D:5      | Paralysed by Grinder for 3 turns
  2054 | D:5      | Killed Grinder
  2267 | D:5      | Noticed Ijyb
  2523 | D:5      | Killed Ijyb
  2524 | D:5      | Reached skill level 9 in Stealth
  3503 | D:4      | Reached XP level 8. HP: 52/52 MP: 8/8
  3532 | D:4      | Found a glowing golden altar of the Shining One.
  3617 | D:4      | Found a staircase to the Ecumenical Temple.
  3621 | D:4      | Reached skill level 5 in Dodging
  3623 | Temple   | Entered the Ecumenical Temple
  3818 | D:4      | Reached skill level 5 in Short Blades
  4337 | D:3      | Found a runed translucent door.
  4338 | D:3      | Noticed Crazy Yiuf
  4380 | D:3      | Identified the +3 dagger of Con Ockaq {spect, *Corrode
                  | Str+6}
  4926 | D:3      | Killed Crazy Yiuf
  5105 | Temple   | Became a worshipper of Gozag Ym Sagoz the Greedy
  5404 | D:2      | Reached skill level 10 in Stealth
  6001 | D:1      | Found a faded altar of an unknown god.
  6817 | D:6      | Noticed a wyvern
  6820 | D:6      | Killed a wyvern
  6825 | D:6      | Reached skill level 5 in Crossbows
  6974 | D:6      | Reached XP level 9. HP: 56/56 MP: 9/9
  7737 | D:6      | Reached skill level 11 in Stealth
  7905 | D:6      | Killed Dowan
  9187 | D:7      | HP: 1/56 [killer bee (5)]
 10229 | D:7      | Reached XP level 10. HP: 53/63 MP: 10/10
 10455 | D:8      | Learned a level 3 spell: Stone Arrow
 10812 | D:8      | Reached skill level 12 in Stealth
 11042 | D:8      | Reached skill level 1 in Evocations
 11051 | D:8      | Reached skill level 1 in Spellcasting
 11051 | D:8      | Reached skill level 1 in Conjurations
 11051 | D:8      | Reached skill level 1 in Earth Magic
 11061 | D:8      | Reached skill level 1 in Shields
 11291 | D:8      | Noticed Erica
 11298 | D:8      | Killed Erica
 12479 | D:9      | Found a staircase to the Lair.
 12480 | D:9      | Noticed a fire dragon
 12490 | D:9      | Found a transporter.
 12497 | D:9      | Noticed a two-headed ogre
 12503 | D:9      | Noticed a two-headed ogre
 12503 | D:9      | Noticed krispywithak's ghost (novice MiBe)
 12505 | D:9      | Found a transporter.
 12506 | D:9      | Noticed a two-headed ogre
 12548 | D:9      | Noticed an oklob plant
 12555 | D:9      | Noticed a cyclops
 12887 | D:9      | Noticed a death yak
 12908 | D:9      | Reached XP level 11. HP: 30/69 MP: 14/14
 13485 | D:9      | Killed a death yak
 13486 | D:9      | Reached skill level 13 in Stealth
 14447 | D:9      | Killed a fire dragon
 14771 | Lair:1   | Entered Level 1 of the Lair of Beasts
 14996 | Lair:1   | Noticed Kuidesed's ghost (journeyman DrCj)
 14999 | Lair:1   | Found a runed translucent door.
 15415 | Lair:1   | Reached XP level 12. HP: 50/74 MP: 18/18
 15880 | Lair:1   | Reached skill level 5 in Earth Magic
 16143 | Lair:1   | Reached skill level 5 in Conjurations
 16440 | Lair:1   | Reached skill level 5 in Shields
 16478 | Lair:1   | Learned a level 2 spell: Ensorcelled Hibernation
 16668 | Lair:1   | Reached skill level 14 in Stealth
 17008 | Lair:1   | Killed Kuidesed's ghost
 17009 | Lair:1   | Reached skill level 1 in Ice Magic
 17053 | Lair:2   | Reached skill level 1 in Hexes
 17104 | Lair:2   | Noticed a catoblepas
 17518 | Lair:1   | Killed a catoblepas
 17519 | Lair:1   | Reached skill level 5 in Spellcasting
 19184 | Lair:3   | Found a hole to the Spider Nest.
 19512 | Lair:3   | Reached XP level 13. HP: 79/79 MP: 21/21
 19644 | Lair:3   | Paralysed by a hornet for 1 turns
 20096 | Lair:4   | Found a staircase to the Shoals.
 21436 | Lair:5   | Found a staircase to the Slime Pits.
 22049 | Lair:4   | Reached skill level 15 in Stealth
 22297 | Lair:4   | Bought a potion of invisibility for 112 gold pieces
 22297 | Lair:4   | Bought a potion of heal wounds for 70 gold pieces
 22297 | Lair:4   | Bought a scroll of enchant armour for 105 gold pieces
 22819 | Lair:6   | Entered Level 6 of the Lair of Beasts
 24409 | Lair:6   | Got Borgnjor's Grimoire of Necromancy
 24454 | Lair:6   | Reached skill level 10 in Dodging
 24898 | Lair:5   | Learned a level 5 spell: Agony
 25313 | Lair:5   | Reached XP level 14. HP: 66/85 MP: 23/23
 25970 | Lair:6   | Found a runed translucent door.
 26049 | Lair:6   | Reached skill level 1 in Necromancy
 26394 | Lair:6   | Reached skill level 5 in Ice Magic
 27023 | Lair:6   | Reached skill level 5 in Hexes
 28180 | Lair:6   | Identified the +6 long sword of Tuixothra {speed, MP+9
                  | Int+2}
 28685 | D:10     | Entered Level 10 of the Dungeon
 28685 | D:10     | Found a runed translucent door.
 29380 | D:10     | Reached skill level 5 in Fighting
 29789 | D:11     | Noticed Erolcha
 29791 | D:11     | Killed Erolcha
 29869 | D:11     | Found a frozen archway.
 29929 | IceCv    | Entered an ice cave
 30687 | IceCv    | Found an ancient bone altar of Kikubaaqudgha.
 31110 | IceCv    | HP: 4/88 [entropy weaver simulacrum (13)]
 31114 | IceCv    | Reached skill level 16 in Stealth
 31759 | IceCv    | HP: 1/88 [ice statue/shard of ice (30)]
 32458 | IceCv    | Reached XP level 15. HP: 75/92 MP: 25/25
 32493 | IceCv    | Learned a level 4 spell: Petrify
 33268 | D:11     | Reached skill level 1 in Transmutations
 33461 | D:11     | Identified the +10 flail of Unreason {vorpal, rElec Will-
                  | Str+4 Int+5}
 33675 | D:12     | Learned a level 5 spell: Summon Mana Viper
 33707 | D:12     | Noticed Snorg
 33709 | D:12     | Killed Snorg
 33983 | D:12     | Found a staircase to the Orcish Mines.
 34250 | D:12     | Reached skill level 1 in Summonings
 34286 | D:12     | Noticed Maurice
 34293 | D:12     | Killed Maurice
 34670 | Orc:1    | Entered Level 1 of the Orcish Mines
 35634 | Orc:2    | Entered Level 2 of the Orcish Mines
 36045 | D:12     | HP: 4/94 [two-headed ogre (24)]
 37292 | Orc:2    | Paralysed by an ogre mage for 7 turns
 37297 | Orc:2    | HP: 3/94 [ogre (14)]
 37297 | Orc:2    | Slain by an ogre mage

Illustrated notes

Levels and vault maps discovered:
D:1:      zelgadis_glass_arrival_small, layout_rooms,
          nicolae_ecumenical_snake_handling, kennysheep_nondescript
D:2:      layout_basic
D:3:      layout_loops_ring, due_unseen_surprise, uniq_crazy_yiuf_cottage
D:4:      layout_loops_ring, kennysheep_little_box,
          minmay_temple_entry_proselytizer, enter_ossuary_3, corexii_shack
D:5:      lemuel_ice_spiral_2, layout_basic, uniq_grinder, uniq_sigmund,
          uniq_ijyb
D:6:      cheibrodos_thug_alley, layout_basic, gup_sewer_entry_pipe,
          kennysheep_generic_room_7, uniq_duvessa
D:7:      layout_basic, serial_glass, glass_columns_a, glass_columns_c,
          glass_columns_a, glass_columns_b
D:8:      layout_basic, uniq_erica
D:9:      argonaut_augean_stables, layout_grid_maze, minmay_lair_entry_lava,
          nzn_ghost_randoct, kennysheep_generic_room_3
D:10:     cheibrodos_shockbox, layout_loops_ring
D:11:     layout_cave_pools, portal_ice_cave_entry_ice_simulacra,
          minmay_microvault, uniq_erolcha
D:12:     layout_loops_ring, david_orc_5, uniq_maurice, uniq_snorg
Temple:   compressed_dpeg_circular_temple
Lair:1:   beast_lair_carwin_large_2, layout_loops_ring,
          hellmonk_ghost_happy_afterlife, bh_autumn_forest_stairs
Lair:2:   layout_cave_pods, chequers_serial_rivers_small_a
Lair:3:   layout_roguey, hellmonk_spider_entry_not_the_bees
Lair:4:   layout_roguey [special_room_bee], minmay_shoals_entry_beasts
Lair:5:   layout_cave_shapes, minmay_slime_entry_oklob_open
Lair:6:   wormcave, layout_long_grid, hangedman_lair_in_review
Orc:1:    layout_diamond_mine, uniq_harold
Orc:2:    st_orc_ogre_mass, layout_caves

Skill      XL: |  1  2  3  4  5  6  7  8  9 10 11 12 13 14 15 |
---------------+----------------------------------------------+-----
Stealth        | 7 8 9 10 11 12 13 14 15 16 | 16.6
Short Blades   | 3 4 6 7 8 |  8.7
Dodging        | 3 4 6 7 8 9 10 | 10.8
Crossbows      | 1 2 3 5 6 |  6.5
Evocations     | 3 |  3.3
Spellcasting   | 2 4 5 6 7 |  7.8
Conjurations   | 2 4 6 7 8 |  8.0
Earth Magic    | 2 4 6 7 |  7.8
Shields        | 2 4 5 7 8 |  8.6
Fighting       | 4 5 |  5.7
Ice Magic      | 2 4 5 6 |  6.8
Hexes          | 2 4 5 6 |  6.7
Necromancy     | 3 4 |  4.6
Transmutations | 2 |  2.9
Summonings     | 2 |  2.4

Action                   |  1- 3 |  4- 6 |  7- 9 | 10-12 | 13-15 || total
-------------------------+-------+-------+-------+-------+-------++-------
Melee: Short sword       |     3 |   124 |   262 |   644 |  1134 ||  2167
       Constrict         |     1 |    32 |    57 |    53 |   124 ||   267
       Punch             |     1 |     2 |     5 |    19 |    34 ||    61
       Tentacles         |       |    28 |    71 |   193 |   362 ||   654
       Dagger            |       |       |    59 |       |       ||    59
       Long sword        |       |       |     6 |       |     3 ||     9
       Scimitar          |       |       |       |       |     6 ||     6
 Fire: Hand crossbow     |       |    14 |     8 |       |       ||    22
Throw: Throwing net      |       |       |     3 |       |     2 ||     5
 Cast: Stone Arrow       |       |       |       |     9 |   107 ||   116
       Ensorcelled Hiber |       |       |       |     3 |   121 ||   124
       Petrify           |       |       |       |       |     2 ||     2
Invok: Call Merchant     |       |       |       |       |     2 ||     2
Evoke: Wand              |       |       |     7 |    34 |     7 ||    48
       Condenser vane    |       |       |       |       |     1 ||     1
  Use: Potion            |       |       |     4 |     2 |     7 ||    13
       Scroll            |       |       |     6 |    13 |    11 ||    30
 Stab: Sleeping          |     2 |    19 |    31 |    28 |    82 ||   162
       Distracted        |       |       |     5 |     3 |    10 ||    18
       Invisible         |       |       |       |     2 |     1 ||     3
Armor: Skin              |       |     4 |    23 |    37 |    32 ||    96
Dodge: Dodged            |       |    68 |   178 |   239 |   676 ||  1161
Block: Kite shield       |       |       |       |   216 |   715 ||   931
